cohdb
Replays
Latest Replays
All Replays
Popular Replays
Top Player Replays
Match Explorer
How It Works
Community
CoH3 Stats
Reddit
Sign in to upload your games and track your stats! →
Sign in with Steam
Match 45879346
Unlisted
Match 45879346
Overview
Messages
Build Orders
End
Panzergrenadier Squad
Selects Battlefield Espionage Battlegroup
250 Light Carrier
Panzergrenadier Squad
Construct Light Support Kompanie
MG34 Team
Fire Support Elements
Selects Intel Disruption Beacon
Assault Mechanized Group
Selects Plunder
Pak 38 Anti-tank Gun Team
Construct Panzerarmee Kommand
Selects Firestorm
Selects 250/3 Funkpanzerwagen
Para_Dilshan
muta999888
HappyPunch
INF22REGT
peter64
Abeli
2nd~Armor~Cluster
呆萌巨RUA银发龙娘
0
0
Comments
sign in to comment!
No comments posted yet!